 Dungeon Crawl Stone Soup version 0.22-a0-136-g83a10e5 (webtiles) character file.

404 Lathuz the Magician (level 6, -1/32 HPs)
             Began as a Deep Elf Conjurer on Feb 2, 2018.
             Slain by hpc's ghost (12 damage)
             ... on level 4 of the Dungeon.
             The game lasted 00:09:35 (4079 turns).

Lathuz the Magician (Deep Elf Conjurer)             Turns: 4079, Time: 00:09:36

Health: -1/32      AC:  5    Str:  5    XL:     6   Next: 56%
Magic:  6/18       EV: 13    Int: 22    God:
Gold:   62         SH:  0    Dex: 15    Spells: 8/19 levels left

rFire    . . .     SeeInvis .   p - +2 dagger (protect)
rCold    . . .     Gourm    .   (no shield)
rNeg     . . .     Faith    .   a - +0 robe
rPois    .         Spirit   .   (no helmet)
rElec    .         Reflect  .   (no cloak)
rCorr    .         Harm     .   (no gloves)
MR       .....                  (no boots)
Stlth    ++........             (no amulet)
HPRegen  0.10/turn              h - +3 ring of protection
MPRegen  0.16/turn              (no ring)

@: no status effects
A: no striking features
a: no special abilities


You were on level 4 of the Dungeon.
You were not hungry.

You visited 1 branch of the dungeon, and saw 4 of its levels.

You collected 62 gold pieces.

Inventory:

Hand Weapons
 p - a +2 dagger of protection (weapon)
Armour
 a - a +0 robe (worn)
Jewellery
 h - a +3 ring of protection (left hand)
 i - an uncursed amulet of harm
 o - a +3 ring of protection
Scrolls
 d - a scroll of blinking {unknown}
 e - 2 scrolls of amnesia {unknown}
 g - a scroll of random uselessness {unknown}
 j - 3 scrolls of remove curse {unknown}
 k - 4 scrolls of teleportation {unknown}
 l - 2 scrolls of identify {unknown}
 m - 2 scrolls of fog {unknown}
Potions
 f - a potion of curing {unknown}
 n - a potion of agility {unknown}
Books
 b - a book of Conjurations

   Spells                             Type                      Level
   a - Magic Dart                     Conjuration                  1
   b - Searing Ray                    Conjuration                  2
   c - Dazzling Spray                 Conjuration/Hexes            3
   d - Fulminant Prism                Conjuration/Hexes            4
   e - Force Lance                    Conjuration/Translocation    4
   f - Iskenderun's Mystic Blast      Conjuration                  4
Comestibles
 c - 5 rations


   Skills:
 - Level 2.4 Dodging
 - Level 2.4 Stealth
 + Level 7.0 Spellcasting
 + Level 6.9 Conjurations


You had 8 spell levels left.
You knew the following spells:

 Your Spells              Type           Power        Failure   Level  Hunger
a - Magic Dart            Conj           ####         1%          1    None
b - Searing Ray           Conj           #####.       1%          2    None
c - Iskenderun's Mystic   Conj           #####...     4%          4    ###....
d - Fulminant Prism       Conj/Hex       ###.......   21%         4    ###....


Dungeon Overview and Level Annotations

Branches:
Dungeon (4/15)
 Temple: D:4-7

Altars:
Ashenzari
Ru
Xom

Annotations:
D:4 hpc's ghost, amateur HOFi


Message History

The magic dart hits hpc's ghost.
Hpc's ghost is severely damaged.
Hpc's ghost closely misses you.
Casting: Magic Dart (safe; 1% risk of failure)
Confirm with . or Enter, or press ? or * to list all spells.
Aiming: Magic Dart (safe; 1% risk of failure)
Press: ? - help, Shift-Dir - straight line, f/p - hpc's ghost
Aim: hpc's ghost (severely damaged)
The magic dart hits hpc's ghost.
Hpc's ghost is severely damaged.
Hpc's ghost hits you.
Casting: Magic Dart (safe; 1% risk of failure)
Confirm with . or Enter, or press ? or * to list all spells.
Aiming: Magic Dart (safe; 1% risk of failure)
Press: ? - help, Shift-Dir - straight line, f/p - hpc's ghost
Aim: hpc's ghost (severely damaged)
The magic dart hits hpc's ghost.
Hpc's ghost is severely damaged.
Hpc's ghost hits you!
You die...

#........####...........
#.......................
#.##.....####...........
##.##.....# #...........
#..##.....# #.........(.
#.###.....# #...........
###.###.....####..........
#......)...W.<...........
#....##...@...####....#.
#....##.........#
#....###.......... #....#
#.^......#.# #....#
#............ ######
#.......... . #...........
#.........#


You could see hpc's ghost.

Vanquished Creatures
  The ghost of Lathuz the Magician, an amateur DEFE (D:3)
  A scorpion (D:4)
  An iguana (D:4)
  3 orc wizards (D:3)
  2 gnolls (D:3)
  6 adders
  3 oozes
  2 worms
  2 dart slugs
  A leopard gecko (D:2)
  9 orcs (D:3)
  5 giant cockroaches
  7 goblins
  6 hobgoblins
  8 jackals
  7 kobolds
  3 ball pythons
  7 bats
  2 frilled lizards
  3 rats
79 creatures vanquished.

Vanquished Creatures (others)
  2 fulminant prisms (D:4)
2 creatures vanquished.

Grand Total: 81 creatures vanquished

Notes
Turn   | Place    | Note
-------+----------+-------------------------------------------
     0 | D:1      | Lathuz the Deep Elf Conjurer began the quest for the Orb.
     0 | D:1      | Reached XP level 1. HP: 10/10 MP: 6/6
   295 | D:1      | Reached XP level 2. HP: 15/15 MP: 3/8
   931 | D:1      | Learned a level 2 spell: Searing Ray
  1023 | D:2      | Reached skill level 4 in Spellcasting
  1032 | D:2      | Reached skill level 5 in Conjurations
  1032 | D:2      | Reached XP level 3. HP: 19/19 MP: 0/10
  1728 | D:2      | Reached XP level 4. HP: 24/24 MP: 4/12
  1819 | D:2      | Learned a level 4 spell: Iskenderun's Mystic Blast
  1824 | D:2      | Learned a level 4 spell: Fulminant Prism
  2322 | D:3      | Reached skill level 5 in Spellcasting
  2524 | D:3      | Found a sacrificial altar of Ru.
  2644 | D:3      | Reached XP level 5. HP: 28/28 MP: 5/14
  3099 | D:3      | Found a shimmering altar of Xom.
  3156 | D:3      | Reached skill level 6 in Spellcasting
  3216 | D:3      | Found a shattered altar of Ashenzari.
  3267 | D:3      | Noticed Lathuz's ghost (amateur DEFE)
  3273 | D:3      | Killed Lathuz's ghost
  3273 | D:3      | Reached XP level 6. HP: 19/32 MP: 4/17
  3868 | D:4      | Reached skill level 7 in Spellcasting
  3924 | D:4      | Noticed hpc's ghost (amateur HOFi)
  4079 | D:4      | Slain by hpc's ghost

Vault maps used:
D:1:      enne_arrival_octagon_isle, minmay_misc_feat_encased,
          minmay_heptomino_w4
D:2:      cheibrodos_old_hovel, kennysheep_flooded_box
D:3:      tgw_xom, lemuel_round_altar, ashenzari_conservatory_becter
D:4:      okawaru_trees_2, minmay_temple_entry_glass, serial_shops,
          shop_fountains

Skill      XL: |  1  2  3  4  5  6 |
---------------+-------------------+-----
Spellcasting   | 4 5 6 7 |  7.0
Conjurations   | 5 6 |  6.9
Dodging        | |  2.4
Stealth        | |  2.4

Action                   |  1- 3 |  4- 6 || total
-------------------------+-------+-------++-------
Melee: Unarmed           |     2 |       ||     2
       Club              |    23 |    12 ||    35
       Dagger            |       |     6 ||     6
 Cast: Magic Dart        |    66 |   127 ||   193
       Searing Ray       |     4 |     5 ||     9
       Iskenderun's Myst |       |     4 ||     4
       Fulminant Prism   |       |     2 ||     2
  Eat: Chunk             |     2 |     9 ||    11
Armor: Robe              |     5 |    15 ||    20
Dodge: Dodged            |    24 |    35 ||    59

Table legend:
 A = Spawn XP
 B = Non-spawn XP
 C = Spawn XP percentage of total XP
 D = Spawn monster count
 E = Non-spawn monster count
 F = Spawn count percentage of total count
 G = Total turns spent on level
                    A         B        C        D         E        F      G
               +---------+---------+-------+---------+---------+-------+---------
         Total |       0 |     578 |   0.0 |       0 |      79 |   0.0 |  4079
               +---------+---------+-------+---------+---------+-------+---------
           D:1 |       0 |      34 |   0.0 |       0 |      18 |   0.0 |  1104
           D:2 |       0 |      92 |   0.0 |       0 |      22 |   0.0 |  1215
           D:3 |       0 |     333 |   0.0 |       0 |      35 |   0.0 |  1518
           D:4 |       0 |     119 |   0.0 |       0 |       4 |   0.0 |   242
               +---------+---------+-------+---------+---------+-------+---------
